 Dungeon Crawl Stone Soup version 0.27-a0-1202-ge72e49191c (console) character file.

Game seed: 1970877067390819274

199430 jejorda2 the Fencer (level 18, -4/143 HPs)
             Began as a Merfolk Berserker on June 2, 2021.
             Was an Elder of Trog.
             Hit by a silver javelin thrown by a merfolk javelineer (8 damage)
             ... on level 4 of the Shoals.
             The game lasted 01:58:30 (39243 turns).

jejorda2 the Fencer (Merfolk Berserker)            Turns: 39243, Time: 01:58:30

Health: -4/143     AC: 35    Str: 24    XL:     18   Next: 47%
Magic:  18/18      EV: 11    Int:  7    God:    Trog [****..]
Gold:   1264       SH: 21    Dex: 14    Spells: 17/17 levels left

rFire    + + +     SeeInvis .   w - +8 lance {slay drac, rPois rF+ rC+ AC+3}
rCold    + . .     Faith    .   s - +2 kite shield
rNeg     . . .     Spirit   .   r - +2 plate armour {rF+}
rPois    +         Reflect  +   N - +0 helmet
rElec    +         Harm     .   e - +2 cloak
rCorr    .         Rampage  .   M - +2 pair of gloves
Will     +++..                  Q - +5 pair of boots of the Glamorous Wumpus {rElec rF+ Stlth-}
Stlth    ..........             L - amulet of reflection
HPRegen  1.33/turn              D - +4 ring of slaying
MPRegen  0.16/turn              c - ring of flight

@: strong-willed, flying, regenerating
A: (nimble swimmer 2), mertail
}: 1/15 runes: abyssal
a: Renounce Religion, Berserk, Trog's Hand, Brothers in Arms


You were on level 4 of the Shoals.
You worshipped Trog.
Trog was greatly pleased with you.
You visited 4 branches of the dungeon, and saw 27 of its levels.
You visited the Abyss 1 time.
You also visited: Ossuary and Ice Cave.

You collected 4182 gold pieces.
You spent 2918 gold pieces at shops.

Inventory:

Hand Weapons
 f - a +2 antimagic long sword
 w - the +8 lance "Wyrmbane" (weapon) {slay drac, rPois rF+ rC+ AC+3}
   (You bought it in a shop on level 1 of the Orcish Mines)

   It affects your AC (+3).
   It protects you from fire.
   It protects you from cold.
   It protects you from poison.
Missiles
 a - 9 throwing nets
 i - 152 poisoned darts
 l - 16 curare-tipped darts
 G - 71 boomerangs
 H - 17 silver javelins
 O - 6 boomerangs of dispersal
 Y - 23 javelins (quivered)
Armour
 e - a +2 cloak (worn)
 r - a +2 plate armour of fire resistance (worn)
 s - a +2 kite shield (worn)
 M - a +2 pair of gloves (worn)
 N - a +0 helmet (worn)
 Q - the +5 pair of boots of the Glamorous Wumpus (worn) {rElec rF+ Stlth-}
   (You acquired it on level 14 of the Dungeon)

   It protects you from fire.
   It insulates you from electricity.
   It makes you less stealthy.
Jewellery
 c - a ring of flight (right hand)
 o - a ring of see invisible
 x - the ring "Osiagijy" {rC+ rCorr Stlth+}
   (You acquired it on level 14 of the Dungeon)

   [ring of resist corrosion]

   It protects you from cold.
   It protects you from acid and corrosion.
   It makes you more stealthy.
 D - a +4 ring of slaying (left hand)
 E - a ring of fire
 L - an amulet of reflection (around neck)
 P - a +4 ring of protection
 R - a +6 ring of strength
Wands
 g - a wand of flame (27)
 j - a wand of iceblast (17)
 t - a wand of mindburst (27)
 F - a wand of charming (37)
 K - a wand of paralysis (7)
 S - a wand of acid (21)
Scrolls
 k - 3 scrolls of summoning
 n - 2 scrolls of blinking
 y - 12 scrolls of teleportation
 z - a scroll of silence
 B - 2 scrolls of magic mapping
 C - 4 scrolls of fog
 I - a scroll of enchant armour
 J - 2 scrolls of fear
 W - 12 scrolls of identify
Potions
 b - 2 potions of haste
 d - 2 potions of attraction
 h - 6 potions of lignification
 m - 9 potions of ambrosia
 p - 16 potions of curing
 q - 2 potions of heal wounds
 u - 4 potions of flight
 v - 3 potions of mutation
 A - 5 potions of invisibility
 U - a potion of cancellation
 V - 2 potions of resistance
Miscellaneous
 T - a condenser vane
 X - a lightning rod (4/4)
 Z - a tin of tremorstones (2/2)


   Skills:
 - Level 13.3 Fighting
 - Level 16.0 Long Blades
 - Level 12.0 Polearms
 * Level 13.6 Throwing
 + Level 11.2 Armour
 - Level 10.1 Dodging
 - Level 15.0 Shields
 - Level 9.0 Evocations


You had 17 spell levels left.
You didn't know any spells.
Your spell library was empty.

Dungeon Overview and Level Annotations

Branches:
Dungeon (15/15)            Temple (0/1) D:4            Lair (6/6) D:9
 Shoals (4/4) Lair:3        Snake (0/4) Lair:2        Slime (0/5) Lair:5
    Orc (2/2) D:10            Elf (0/3) Orc:2        Vaults (0/5) D:14
 Depths (0/5) D:15        Ossuary (visited)           IceCv (visited)

Altars:
Fedhas
Hepliaklqana
Makhleb
The Shining One
Beogh
Jiyva

Shops:
D:1 (   D:8 ?   Orc:1 (   Orc:2 (((:   Shoals:2 *   Shoals:3 (

Annotations:
D:7 1 runed translucent door, exclusion: door, Crazy Yiuf
D:10 1 runed translucent door
Shoals:1 1 runed translucent door, Yniun's ghost, adept MfGl


Innate Abilities, Weirdness & Mutations

((You are quick and stealthy near water. (Stealth+, EV+, Speed+++)))
Your lower body shifts to a powerful aquatic tail in water.


Message History

The merfolk aquamancer points at you and mumbles some strange words.
The torrent of water misses you.
You hear a splash.
You puncture the merfolk aquamancer!
The merfolk aquamancer is moderately wounded.
You puncture the merfolk aquamancer!
The merfolk aquamancer is heavily wounded.
The merfolk aquamancer is engulfed in a cloud of scalding steam.
The merfolk aquamancer hits you but does no damage.
You puncture the merfolk aquamancer!
The merfolk aquamancer is almost dead.
You impale the merfolk aquamancer!!
You kill the merfolk aquamancer!
Trog accepts your kill.
Trog appreciates your killing of a magic user.
You hear a splash. x2
The merfolk javelineer throws a silver javelin.
The silver javelin pierces through you!
Your tin of tremorstones (2/2) has regained one charge.
The merfolk javelineer throws a silver javelin.
The silver javelin pierces through you!!
There is an open door, spattered with blood here.
You reach down and close the door.
Your skin crawls.
You feel strong-willed.
Something unseen opens the door.
You start resting.
A merfolk javelineer is nearby!
The merfolk javelineer throws a silver javelin.
The silver javelin pierces through you!!
* * * LOW HITPOINT WARNING * * *
x2
There is an open door, spattered with blood here.
The merfolk javelineer throws a silver javelin.
The silver javelin pierces through you!!
* * * LOW HITPOINT WARNING * * *
x2 You puncture the merfolk javelineer!
The merfolk javelineer is lightly wounded.
The merfolk javelineer throws a silver javelin.
The silver javelin pierces through you!
You die...

.≈≈≈≈≈≈≈≈......#######.≈≈≈≈≈≈#
.≈≈≈≈≈................≈≈≈≈≈≈≈#
######..≈.............≈≈≈≈≈≈≈#
##...............≈≈≈≈≈≈≈#
#....≈≈.........≈≈≈≈≈≈≈#
#≈≈..≈......#####≈≈≈≈≈≈#
#≈≈..≈.....##..≈##≈≈≈≈≈# ##≈≈≈
#≈≈≈...≈≈≈.#...≈≈#≈†≈≈≈#
≈##'##≈≈≈≈≈..((m@').≈≈≈#≈≈≈≈≈#
≈≈≈≈≈≈≈≈≈≈≈≈≈≈≈≈≈#.≈≈≈≈#≈≈≈≈≈#
≈≈.≈≈≈..≈≈≈≈≈≈≈≈≈##≈≈≈##≈≈≈≈≈#
...††.)...≈≈≈≈≈≈≈)#####≈≈≈≈≈≈#
....m.......≈≈≈≈≈≈≈≈≈≈≈≈≈≈≈≈≈#
....m.......≈≈≈≈≈≈≈≈≈≈≈≈≈≈≈≈≈#
..m.........≈≈≈≈≈≈≈≈≈≈≈≈≈≈≈≈≈#
.m.Y.m......≈≈≈≈≈≈≈≈≈≈≈≈≈≈≈≈≈#
..†m....#..≈≈≈≈≈≈≈≈≈≈≈≈)))≈≈≈#


You could see a merfolk javelineer.

Vanquished Creatures
  Polyphemus (Shoals:4)
  A tentacled starspawn (Abyss:3)
  Ilsuiw (Shoals:4)
  An orc warlord (Orc:2)
  A stone giant (D:12)
  Azrael (D:13)
  A fire dragon (Lair:6)
  4 merfolk javelineers
  4 ettins (Abyss:3)
  9 merfolk impalers
  An ice dragon (Orc:1)
  2 vault guards (D:14)
  Erolcha (D:12)
  An ogre mage (D:15)
  5 boulder beetles
  9 hydras
  4 merfolk avatars
  9 centaur warriors
  A satyr (Shoals:3)
  An alligator snapping turtle (Shoals:1)
  A death knight (D:13)
  13 two-headed ogres
  2 catoblepae
  8 merfolk aquamancers
  2 tengu warriors (D:14)
  3 orc high priests
  3 death yaks (Shoals:4)
  10 sea snakes
  A skeletal warrior (D:15)
  A shadow wraith (Abyss:3)
  2 flayed ghosts (Abyss:3)
  A swamp dragon (Lair:6)
  Pikel (D:6)
  A necromancer (D:14)
  5 deep elf pyromancers
  2 wizards (D:14)
  4 orc knights (Orc:2)
  5 harpies
  7 orc sorcerers (Orc:2)
  5 fauns
  A tengu skeleton (D:15)
  12 ugly things
  7 cyclopes
  A wolf spider (Lair:4)
  10 manticores
  5 black mambas
  14 elephants
  6 merfolk sirens
  4 water nymphs
  2 ice statues (IceCv)
  A spriggan zombie (D:15)
  A cane toad (shapeshifter) (D:15)
  A torpor snail (Lair:3)
  Psyche (D:9)
  13 cane toads
  2 tengu conjurers
  2 kobold demonologists (D:10)
  4 gargoyles
  An unseen horror (D:12)
  5 rime drakes
  8 yaktaurs (D:15)
  13 komodo dragons
  A silent spectre (Abyss:3)
  29 merfolk
  A queen bee (Lair:6)
  6 meliai
  A hornet (D:9)
  12 polar bears
  6 wind drakes
  11 trolls
  A raiju (Lair:6)
  Prince Ribbit (D:9)
  20 slime creatures
  10 blink frogs
  6 dream sheep
  12 snapping turtles
  A vampire (D:9)
  3 shadows
  A deep troll skeleton (D:15)
  9 water elementals
  59 yaks
  A wraith (D:11)
  20 humans (D:14)
  4 wyverns
  A fire elemental (D:13)
  11 basilisks
  A human (shapeshifter) (D:13)
  2 steam dragons
  5 vampire mosquitoes (D:14)
  Menkaure (D:6)
  15 two-headed ogre zombies (D:14)
  9 wargs
  4 acid dragons
  15 water moccasins
  A floating eye (Abyss:3)
  18 hell hounds
  34 orc warriors
  A swamp drake (Lair:6)
  9 ice beasts
  A sky beast (D:6)
  15 black bears
  9 ogres
  18 wolves
  11 centaurs
  3 necrophages (D:7)
  4 lemures (D:6)
  2 phantoms
  A kobold brigand (D:8)
  Blork the orc (D:4)
  3 gnoll sergeants
  A small abomination (Abyss:3)
  11 bullfrogs
  5 scorpions
  8 killer bees (Lair:6)
  2 wights (D:10)
  6 howler monkeys
  2 bullfrog zombies (D:5)
  7 hounds
  4 centaur zombies
  4 jellies
  15 orc priests
  6 iguanas
  28 orc wizards
  A killer bee zombie (D:9)
  8 mummies (Ossuary)
  2 howler monkey zombies
  2 howler monkey skeletons (D:7)
  10 adders
  29 gnolls
  An ufetubus (D:5)
  An adder zombie (D:5)
  2 worms (D:2)
  3 dart slugs
  93 orcs
  6 ball pythons
  8 endoplasms
  2 giant cockroaches (D:4)
  2 gnoll zombies (Ossuary)
  5 goblins
  3 hobgoblins
  3 jackals (D:5)
  2 quokkas
  2 bats (D:1)
  5 frilled lizards
  A goblin zombie (D:7)
  4 hobgoblin zombies (Ossuary)
  15 kobolds
  A kobold zombie (Ossuary)
  An orc zombie (Ossuary)
  7 rats
977 creatures vanquished.

Vanquished Creatures (collateral kills)
  Mara (Shoals:4)
  The ghost of cobaltphoenix the Devastator, an adept DrCj of Vehumet (Shoals:3)
  Donald (Shoals:1)
  The ghost of porpoise the Thaumaturge, an adept DECj of Sif Muna (Shoals:3)
  The ghost of karkarkar the Warrior, a journeyman MiBe of Trog (Shoals:3)
  An ettin (Abyss:3)
  Harold (Orc:1)
  An ogre mage (Orc:1)
  3 two-headed ogres
  An orc high priest (Orc:2)
  A skeletal warrior (D:15)
  A phantasmal warrior (D:15)
  A shadow dragon zombie (D:15)
  3 elephants (Lair:5)
  An ice statue (IceCv)
  A troll (Orc:1)
  2 merfolk (Shoals:4)
  A snapping turtle (Shoals:4)
  A warg (Orc:2)
  2 hell hounds
  6 orc warriors
  An ogre (Orc:1)
  A gnoll sergeant (D:10)
  8 killer bees (Lair:6)
  3 orc wizards
  9 orcs
54 creatures vanquished.

Vanquished Creatures (others)
  A manticore (Shoals:4)
  A wolf (Orc:1)
  A white imp (D:7)
  An orc (D:7)
  89 fungi
  209 plants
  A starspawn tentacle (Abyss:3)
  7 withered plants
310 creatures vanquished.

Grand Total: 1341 creatures vanquished

Notes
Turn   | Place    | Note
-------+----------+-------------------------------------------
     0 | D:1      | jejorda2 the Merfolk Berserker began the quest for the Orb.
     0 | D:1      | Reached XP level 1. HP: 18/18 MP: 1/1
   269 | D:1      | Found Giof Puu's Antique Weapon Emporium.
   283 | D:1      | Found a faded altar of an unknown god.
   463 | D:1      | Reached XP level 2. HP: 11/24 MP: 2/2
   937 | D:1      | Reached skill level 4 in Long Blades
   937 | D:1      | Reached XP level 3. HP: 29/29 MP: 3/3
  1275 | D:2      | Reached ** piety under Trog
  1770 | D:2      | Reached XP level 4. HP: 28/37 MP: 4/4
  2384 | D:3      | Reached XP level 5. HP: 26/42 MP: 5/5
  2544 | D:3      | Reached skill level 5 in Long Blades
  3103 | D:4      | Identified a scroll of acquirement
  3103 | D:4      | Acquired a manual of Long Blades
  3109 | D:4      | Reached XP level 6. HP: 49/49 MP: 6/6
  3115 | D:4      | Reached *** piety under Trog
  3123 | D:4      | Reached skill level 6 in Long Blades
  3325 | D:4      | Noticed Blork the orc
  3334 | D:4      | Killed Blork the orc
  3335 | D:4      | Reached skill level 7 in Long Blades
  3455 | D:4      | Found a staircase to the Ecumenical Temple.
  3473 | D:4      | Reached XP level 7. HP: 45/55 MP: 7/7
  3477 | D:4      | Reached skill level 5 in Fighting
  3738 | D:1      | Bought a glowing falchion for 120 gold pieces
  3816 | D:5      | Entered Level 5 of the Dungeon
  4068 | D:5      | Reached skill level 8 in Long Blades
  4111 | D:5      | Reached skill level 9 in Long Blades
  4373 | D:5      | Reached XP level 8. HP: 64/64 MP: 8/8
  4510 | D:5      | Reached **** piety under Trog
  4880 | D:5      | Acquired 1162 gold pieces
  5008 | D:5      | Reached skill level 10 in Long Blades
  5200 | D:6      | Reached skill level 11 in Long Blades
  5367 | D:6      | Reached skill level 12 in Long Blades
  5388 | D:6      | Reached XP level 9. HP: 66/69 MP: 9/9
  5544 | D:6      | Reached skill level 13 in Long Blades
  5549 | D:6      | Reached skill level 5 in Armour
  5612 | D:6      | Noticed Menkaure
  5619 | D:6      | Killed Menkaure
  5713 | D:6      | Noticed Pikel
  5730 | D:6      | Killed Pikel
  5731 | D:6      | Reached skill level 14 in Long Blades
  6089 | D:7      | Found a sand-covered staircase.
  6142 | Ossuary  | Entered an ossuary
  6291 | Ossuary  | Reached skill level 1 in Shields
  6472 | D:7      | Reached XP level 10. HP: 72/76 MP: 10/10
  6518 | D:7      | Reached ***** piety under Trog
  6562 | D:7      | Reached skill level 15 in Long Blades
  7057 | D:7      | Found a runed translucent door.
  7058 | D:7      | Noticed Crazy Yiuf
  7517 | D:8      | Noticed a gargoyle
  7535 | D:8      | Killed a gargoyle
  7839 | D:8      | Found a hazy altar of Hepliaklqana.
  7877 | D:8      | Noticed a gargoyle
  7891 | D:8      | Killed a gargoyle
  7892 | D:8      | Reached skill level 5 in Shields
  8370 | D:8      | Found Pehaw's Magic Scroll Emporium.
  8375 | D:8      | Bought a scroll of silence for 90 gold pieces
  8375 | D:8      | Bought a scroll of magic mapping for 42 gold pieces
  8375 | D:8      | Bought a scroll of fog for 24 gold pieces
  8444 | D:8      | Received a gift from Trog
  9022 | D:9      | Found a staircase to the Lair.
  9101 | D:9      | Reached skill level 5 in Dodging
  9403 | D:9      | Reached skill level 16 in Long Blades
  9467 | D:9      | Noticed Psyche
  9476 | D:9      | Killed Psyche
  9477 | D:9      | Reached skill level 1 in Throwing
  9477 | D:9      | Reached XP level 11. HP: 81/81 MP: 11/11
  9674 | D:9      | Reached skill level 1 in Evocations
  9840 | D:9      | Paralysed by a hornet for 2 turns
 10120 | D:9      | Noticed Prince Ribbit
 10128 | D:9      | Killed Prince Ribbit
 10464 | D:10     | Entered Level 10 of the Dungeon
 10627 | D:10     | Noticed a two-headed ogre
 10641 | D:10     | Noticed a sixfirhy
 10929 | D:10     | Noticed a two-headed ogre
 10939 | D:10     | Killed a two-headed ogre
 11083 | D:10     | Noticed a deep elf pyromancer
 11168 | D:10     | Found a hazy altar of Hepliaklqana.
 11178 | D:10     | Killed a deep elf pyromancer
 11186 | D:10     | Noticed a two-headed ogre
 11205 | D:10     | Killed a two-headed ogre
 11521 | D:10     | Found a runed translucent door.
 11624 | D:10     | Noticed a centaur warrior
 11625 | D:10     | Found a staircase to the Orcish Mines.
 11642 | D:10     | Killed a centaur warrior
 11658 | D:10     | Killed a two-headed ogre
 11839 | D:10     | Found a runed translucent door.
 11861 | D:10     | Reached XP level 12. HP: 62/95 MP: 12/12
 12174 | D:10     | Reached skill level 5 in Throwing
 12192 | D:10     | Noticed a two-headed ogre
 12197 | D:10     | Reached skill level 10 in Fighting
 12197 | D:10     | Noticed a two-headed ogre
 12200 | D:10     | Noticed a centaur warrior
 12204 | D:10     | Killed a two-headed ogre
 12208 | D:10     | Killed a two-headed ogre
 12209 | D:10     | Reached skill level 5 in Evocations
 12210 | D:10     | Noticed a centaur warrior
 12221 | D:10     | Killed a centaur warrior
 12233 | D:10     | Killed a centaur warrior
 12306 | D:10     | Noticed a boulder beetle
 12323 | D:10     | Killed a boulder beetle
 12326 | D:10     | Received a gift from Trog
 12567 | Lair:1   | Entered Level 1 of the Lair of Beasts
 12621 | Lair:1   | Noticed a seven-headed hydra
 12628 | Lair:1   | Killed a seven-headed hydra
 14293 | Lair:2   | Found a staircase to the Snake Pit.
 14611 | Lair:2   | Noticed a six-headed hydra
 14619 | Lair:2   | Killed a six-headed hydra
 14620 | Lair:2   | Reached XP level 13. HP: 108/108 MP: 13/13
 15195 | Lair:3   | Found a staircase to the Shoals.
 15371 | Lair:3   | You fall into a shaft and drop 2 floors!
 15697 | Lair:3   | Reached skill level 10 in Throwing
 15883 | Lair:3   | Received a gift from Trog
 16142 | Lair:3   | You fall into a shaft and drop 2 floors!
 16954 | Lair:4   | Identified the +4 halberd of Ravage {speed, Will+}
 18143 | Lair:5   | Reached XP level 14. HP: 111/115 MP: 14/14
 18487 | Lair:5   | Found a viscous altar of Jiyva.
 18487 | Lair:5   | Found a staircase to the Slime Pits.
 19041 | Lair:6   | Entered Level 6 of the Lair of Beasts
 19312 | Lair:6   | Received a gift from Trog
 21233 | Lair:6   | Received a gift from Trog
 21576 | Lair:6   | Identified the +6 dagger of Causality {antimagic, rElec
                  | rPois Stlth-}
 22308 | D:11     | Reached XP level 15. HP: 120/120 MP: 15/15
 22927 | D:12     | Identified the +8 falchion "Aderch" {vorpal, rPois Int+3}
 22968 | D:12     | Reached skill level 10 in Shields
 23202 | D:12     | Noticed Erolcha
 23207 | D:12     | Killed Erolcha
 23462 | D:12     | You fall into a shaft and drop 2 floors!
 23679 | D:14     | Cast into level 3 of the Abyss (a wizard)
 23698 | Abyss:3  | Got an abyssal rune of Zot
 23734 | Abyss:3  | Found a corrupted altar of Lugonu.
 23777 | Abyss:3  | Noticed a tentacled starspawn
 23786 | Abyss:3  | Killed a tentacled starspawn
 23800 | Abyss:3  | Found a corrupted altar of Lugonu.
 23819 | Abyss:3  | Found a corrupted altar of Lugonu.
 23861 | D:14     | Escaped the Abyss
 23886 | D:14     | Acquired the ring "Osiagijy" {rC+ rCorr Stlth+}
 23938 | D:14     | Acquired the +5 pair of boots of the Glamorous Wumpus
                  | {rElec rF+ Stlth-}
 23980 | D:14     | Found a gate to the Vaults.
 24625 | D:14     | Found a glowing golden altar of the Shining One.
 24662 | D:14     | You fall into a shaft and drop 1 floor!
 24662 | D:15     | Entered Level 15 of the Dungeon
 25003 | D:15     | Identified the +4 scale mail "Uriuts" {*Corrode +Blink +Inv
                  | rPois}
 25177 | D:14     | Reached XP level 16. HP: 84/127 MP: 16/16
 25365 | D:14     | Found a blossoming altar of Fedhas.
 26049 | D:12     | Found the +6 shillelagh "Devastator" {shatter}
 26817 | D:13     | Reached skill level 15 in Shields
 27020 | D:13     | Noticed Azrael
 27039 | D:13     | Killed Azrael
 27454 | D:14     | Received a gift from Trog
 27974 | D:14     | Reached ****** piety under Trog
 28900 | D:15     | Found a staircase to the Depths.
 29311 | Orc:1    | Entered Level 1 of the Orcish Mines
 29319 | Orc:2    | Entered Level 2 of the Orcish Mines
 29332 | Orc:2    | Found a burning altar of Makhleb.
 29361 | Orc:1    | Found Xushrishrapn's Antique Weapon Shoppe.
 29378 | Orc:1    | Reached skill level 1 in Polearms
 29379 | Orc:1    | Received a gift from Trog
 29389 | Orc:1    | Noticed Harold
 29404 | Orc:1    | Killed Harold
 29429 | Orc:1    | Reached skill level 5 in Polearms
 29468 | Orc:1    | Found a frozen archway.
 29578 | IceCv    | Entered an ice cave
 29628 | IceCv    | Identified the +2 scale mail of Paranoia {Rampage Will++
                  | Regen+ Dex-5}
 29884 | Orc:1    | Bought the +8 lance "Wyrmbane" {slay drac, rPois rF+ rC+
                  | AC+3} for 2585 gold pieces
 29884 | Orc:1    | Found the +8 lance "Wyrmbane" {slay drac, rPois rF+ rC+
                  | AC+3}
 30504 | Orc:2    | Found a staircase to the Elven Halls.
 30659 | Orc:2    | Paralysed by an orc sorcerer for 5 turns
 30719 | Orc:2    | Reached XP level 17. HP: 92/134 MP: 17/17
 30733 | Orc:2    | Received a gift from Trog
 30782 | Orc:2    | Reached skill level 10 in Polearms
 30826 | Orc:2    | Found Wapn's Book Emporium.
 30826 | Orc:2    | Found Fem Cune's Weapon Emporium.
 30828 | Orc:2    | Found Jenwosys's Antique Weapon Shop.
 30828 | Orc:2    | Found Ziestrop's Weapon Shop.
 31672 | Shoals:1 | Entered Level 1 of the Shoals
 32150 | Shoals:1 | Noticed Donald
 32177 | Shoals:1 | Killed Donald
 32562 | Shoals:1 | Found a runed translucent door.
 32564 | Shoals:1 | Noticed Yniun's ghost (adept MfGl)
 32565 | Shoals:1 | Found the +12 glaive of Prune {vorpal}
 32838 | Shoals:2 | Reached skill level 10 in Dodging
 34357 | Shoals:2 | Found Quavy's General Store.
 34365 | Shoals:2 | Bought 8 curare-tipped darts for 57 gold pieces
 34737 | Shoals:3 | Found Ginaopn's Weapon Boutique.
 35108 | Shoals:3 | Found a runed translucent gate.
 35108 | Shoals:3 | Found a runed translucent gate.
 35108 | Shoals:3 | Found a runed translucent gate.
 35109 | Shoals:3 | Noticed cobaltphoenix's ghost (adept DrCj)
 35110 | Shoals:3 | Noticed karkarkar's ghost (journeyman MiBe)
 35110 | Shoals:3 | Noticed porpoise's ghost (adept DECj)
 35376 | Shoals:3 | Received a gift from Trog
 35453 | Shoals:3 | Reached skill level 10 in Armour
 35649 | Shoals:3 | Killed porpoise's ghost
 35666 | Shoals:3 | Killed cobaltphoenix's ghost
 35671 | Shoals:3 | Killed karkarkar's ghost
 35722 | Shoals:4 | Entered Level 4 of the Shoals
 35779 | Shoals:4 | Noticed Mara
 35800 | Shoals:4 | Killed Mara
 36979 | Shoals:4 | Noticed Polyphemus
 37008 | Shoals:4 | Killed Polyphemus
 37214 | Shoals:4 | Noticed Ilsuiw
 37222 | Shoals:4 | Reached XP level 18. HP: 102/143 MP: 18/18
 37782 | Shoals:4 | Killed Ilsuiw
 38315 | Shoals:4 | HP: 7/143 [merfolk javelineer/silver javelin (1)]
 39242 | Shoals:4 | HP: 4/143 [merfolk javelineer/silver javelin (6)]
 39243 | Shoals:4 | Hit by a silver javelin thrown by a merfolk javelineer

Illustrated notes

Levels and vault maps discovered:
D:1:      minmay_arrival_widening_spiral_wide, layout_basic,
          ebering_ecumenical_altar_hall, serial_shops, shop, serial_rivers,
          chequers_serial_rivers_micro_e, chequers_serial_rivers_marsh,
          chequers_serial_rivers_micro_b, chequers_serial_rivers_marsh,
          chequers_serial_rivers_micro_d, chequers_serial_rivers_room_a,
          serial_bayou_pond_c, lexackson_kobold_supper
D:2:      layout_basic, minmay_pentomino_s2
D:3:      layout_rooms
D:4:      layout_rooms, temple_pool_b, uniq_blork_the_orc
D:5:      layout_basic, amcnicky_mini_pool_medium
D:6:      layout_cave_pools, uniq_menkaure, uniq_pikel
D:7:      layout_basic, enter_ossuary_3, lemuel_flamethrower_2,
          uniq_crazy_yiuf_cottage
D:8:      layout_basic, nicolae_hepliaklqana_hazy_memory, special_room
          [special_room_orc], serial_shops, kennysheep_little_box
D:9:      layout_basic, due_lair_maze_entry_diamond, statue_in_the_mist_lemuel,
          uniq_prince_ribbit1, uniq_psyche
D:10:     cheibrodos_histonic, layout_loops_ring, david_orc_2,
          minmay_strange_pillars, minmay_ruined_shrine
D:11:     layout_rooms, serial_rivers, chequers_serial_rivers_room_a,
          chequers_serial_rivers_micro_a, chequers_serial_rivers_micro_c,
          chequers_serial_rivers_micro_d, chequers_serial_rivers_large_b,
          chequers_serial_rivers_marsh
D:12:     minmay_roctagon, layout_cave_pods, uniq_erolcha
D:13:     layout_roguey, uniq_azrael
D:14:     lemuel_ogre_cave, layout_irregular_city, grunt_vaults_entry_tiered,
          nicolae_tso_swordbearing_angel, fedhas_ov_isle_minmay
D:15:     gammafunk_depths_entry_grave, layout_irregular_city, moated_statue,
          chequers_garden, minmay_misc_feat_secret_circle, hex_tiny,
          minmay_st_funbox
Lair:1:   layout_regular_city, grunt_megastairs_2
Lair:2:   layout_cave_pods, dummy_snake_entry, serial_bayou_pond_e, st_stairs_3
Lair:3:   layout_gridlike, minmay_shoals_entry_centaurs, ldierk_geyser,
          serial_bayou_shore_b
Lair:4:   minmay_lair_venomous_thicket, layout_cave_pods
Lair:5:   layout_regular_city, slime_altar_1
Lair:6:   hangedman_lair_caniforms_friends, layout_loops_ring,
          guppyfry_lair_end_dragon, special_room [special_room_bee],
          serial_bayou_shore_a, infiniplex_staircase_pool_2
Shoals:1: layout_shoals, ebering_ghost_reflecting_pool, uniq_donald
Shoals:2: layout_shoals, serial_shops, shop
Shoals:3: cheibrodos_shoals_oceanic_diplomacy, layout_shoals,
          gammafunk_ghost_cemetery, serial_shops, shop_statue,
          nicolae_shoals_loop_pool
Shoals:4: shoals_end_simple, layout_shoals, shoals_ilsuiw_ice,
          nicolae_shoals_water_shrine, uniq_mara, uniq_polyphemus
Orc:1:    layout_diamond_mine, serial_shops, shop,
          portal_ice_cave_entry_animals_and_master, uniq_harold
Orc:2:    st_orc_elflike, layout_diamond_mine, basic_altar, bloody_makhleb

Skill      XL: |  1  2  3  4  5  6  7  8  9 10 11 12 13 14 15 16 17 18 |
---------------+-------------------------------------------------------+-----
Long Blades    | 4 5 7 9 12 14 16 | 16.0
Armour         | 2 3 4 5 6 7 9 10 11 | 11.2
Fighting       | 4 5 6 9 12 13 | 13.3
Shields        | 1 5 9 13 15 | 15.0
Dodging        | 6 7 9 10 | 10.1
Throwing       | 1 4 8 11 12 13 | 13.6
Evocations     | 4 6 7 9 |  9.0
Polearms       | 9 12 | 12.0

Action                   |  1- 3 |  4- 6 |  7- 9 | 10-12 | 13-15 | 16-18 || total
-------------------------+-------+-------+-------+-------+-------+-------++-------
Melee: Falchion          |    74 |    97 |   295 |   133 |       |       ||   599
       Tailslap          |       |     1 |     1 |       |    17 |       ||    19
       Scimitar          |       |       |       |   535 |  1139 |   660 ||  2334
       Morningstar       |       |       |       |     6 |       |       ||     6
       Lance             |       |       |       |       |       |  1188 ||  1188
Throw: Dart              |     1 |    10 |     7 |    85 |   131 |    62 ||   296
       Throwing net      |       |       |       |     1 |       |     4 ||     5
       Boomerang         |       |       |       |     6 |     3 |   158 ||   167
       Javelin           |       |       |       |       |       |    18 ||    18
Invok: Berserk           |       |     2 |     5 |     9 |    12 |    12 ||    40
       Trog's Hand       |       |       |     4 |     4 |    11 |    18 ||    37
       Brothers in Arms  |       |       |       |     1 |     4 |    13 ||    18
Evoke: Wand              |       |       |       |     4 |       |    13 ||    17
       Condenser vane    |       |       |       |       |     2 |     3 ||     5
       Tin of tremorston |       |       |       |       |       |     2 ||     2
  Use: Scroll            |       |    12 |     3 |    12 |     6 |    10 ||    43
       Potion            |       |       |       |       |     7 |     6 ||    13
 Stab: Sleeping          |     1 |       |       |       |       |       ||     1
       Confused          |       |       |       |       |       |     5 ||     5
       Held in net/web   |       |       |       |       |       |     3 ||     3
       Paralysed         |       |       |       |       |       |     3 ||     3
       Petrified         |       |       |       |       |       |     2 ||     2
Armor: Animal skin       |     5 |       |       |       |       |       ||     5
       Chain mail        |     6 |    38 |   116 |   184 |       |       ||   344
       Plate armour      |       |       |       |   121 |   670 |   516 ||  1307
Dodge: Dodged            |    38 |    44 |    78 |   170 |   394 |   350 ||  1074
Block: Buckler           |       |       |     2 |   178 |   330 |       ||   510
       Kite shield       |       |       |       |       |    98 |  1110 ||  1208
       Reflection        |       |       |       |       |       |    26 ||    26
       Rpst.: Falchion   |    11 |    12 |    32 |     8 |       |       ||    63
       Scimitar          |       |       |       |    26 |   108 |    27 ||   161

Table legend: (Time is in decaauts)
 A = Elapsed time spent in this place.
 B = Non-inter-level travel time spent in this place.
 C = Inter-level travel time spent in this place.
 D = Time resting spent in this place.
 E = Time spent auto-exploring this place.
 F = Levels seen in this place.
 G = Mean time per level.
                   A        B        C        D        E       F      G
               +--------+--------+--------+--------+--------+-----+--------+
         Total |  37341 |  35249 |   2092 |   4507 |  23796 |  30 | 1244.7 |
       Dungeon |  19250 |  18033 |   1217 |   1667 |  13040 |  15 | 1283.3 |
          Lair |   9585 |   9086 |    499 |    973 |   6719 |   6 | 1597.5 |
        Shoals |   6134 |   5922 |    212 |   1567 |   3032 |   4 | 1533.5 |
  Orcish Mines |   1692 |   1529 |    163 |    166 |    824 |   2 |  846.0 |
         Abyss |    145 |    145 |      0 |     16 |     14 |   1 |  145.0 |
       Ossuary |    275 |    275 |      0 |      5 |    166 |   1 |  275.0 |
      Ice Cave |    258 |    258 |      0 |    112 |      0 |   1 |  258.0 |
               +--------+--------+--------+--------+--------+-----+--------+

Top non-repeatable levels by time:
    D:14: 2929 daAuts
  Lair:6: 2463 daAuts
Shoals:3: 2237 daAuts
    D:10: 2121 daAuts
  Lair:5: 1697 daAuts
     D:9: 1637 daAuts
  Lair:2: 1566 daAuts
  Lair:4: 1535 daAuts
Shoals:4: 1496 daAuts
Shoals:1: 1489 daAuts
    D:12: 1413 daAuts
  Lair:3: 1374 daAuts
     D:8: 1338 daAuts
    D:13: 1261 daAuts
   Orc:2: 1223 daAuts
